 Dungeon Crawl Stone Soup version 0.30-a0-591-g3c58d2bc28 (webtiles) character file.

Game seed: 14411501508384348304

76 retardedninja the Trooper (level 4, -5/41 HPs)
             Began as a Hill Orc Fighter on Jan 5, 2023.
             Killed by divine providence
             ... invoked by an orc priest
              (11 damage)
             ... on level 3 of the Dungeon.
             The game lasted 00:01:38 (1292 turns).

retardedninja the Trooper (Hill Orc Fighter)        Turns: 1292, Time: 00:01:39

Health: -5/41      AC: 11    Str: 20    XL:     4   Next: 32%
Magic:  4/4        EV:  5    Int:  8    God:
Gold:   75         SH:  4    Dex: 10    Spells: 3/3 levels left

rFire   + . .      SeeInvis .    a - +0 war axe
rCold   + . .      Faith    .    c - +0 buckler
rNeg    . . .      Spirit   .    i - +0 plate armour
rPois   +          Reflect  .    (no helmet)
rElec   +          Harm     .    (no cloak)
rCorr   +          Rampage  .    (no gloves)
Will    .....                    (no boots) Stlth
                                 (no amulet)
HPRegen 0.26/turn                (no ring)
MPRegen 0.09/turn                (no ring)

@: resistant
A: no striking features
a: Convert to Beogh


You were on level 3 of the Dungeon.
You visited 1 branch of the dungeon, and saw 4 of its levels.

You collected 75 gold pieces.

Inventory:

Hand Weapons
 a - a +0 war axe (weapon)
Missiles
 g - 8 javelins (quivered)
Armour
 c - a +0 buckler (worn)
 i - a +0 plate armour (worn)
Jewellery
 j - an amulet of reflection
Scrolls
 b - a scroll of magic mapping {unknown}
 e - a scroll of fog {unknown}
 f - 2 scrolls of identify {unknown}
 k - a scroll of fear {unknown}
Potions
 d - a potion of might


   Skills:
 + Level 4.3 Fighting
 + Level 3.7 Axes
 + Level 3.9 Armour
 + Level 4.0 Shields


You had 3 spell levels left.
You didn't know any spells.
Your spell library contained the following spells:

 Spells                   Type           Power      Damage    Failure   Level
 Static Discharge         Conj/Air       0%         2-2/arc   100%        2
 Sublimation of Blood     Necr           0%         N/A       100%        2
 Wereblood                Tmut           0%         N/A       100%        2
 Vhi's Electric Charge    Tloc/Air       0%         N/A       100%        3
 Arcjolt                  Conj/Air       0%         1d10      100%        5
 Lightning Bolt           Conj/Air       0%         1d11      100%        5
 Summon Hydra             Summ           0%         N/A       100%        7


Dungeon Overview and Level Annotations

Branches:
Dungeon (4/15)
 Temple: D:4-7

Altars:
Okawaru


Message History

You hit the orc.
You kill the orc!
An orc wizard comes into view. It is wielding a +0 dagger.
An orc comes into view. It is wielding a +0 trident.
Your Shields skill increases to level 4!
The orc shouts!
The orc wizard shouts!
You hear an angry hiss.
A jackal comes into view.
Things that are here:
a +0 flail; an orc corpse The jackal barks!
You hit the orc but do no damage.
You hear a shout!
A hobgoblin comes into view.
The orc priest looks braver for a moment.
The orc priest calls down the wrath of Beogh upon you.
Beogh smites you! You block the orc's attack.
You see here an adder corpse.
Unknown command.
You closely miss the orc wizard. You closely miss the orc.
The orc barely misses you.
The orc hits you from afar with a +0 trident.
The orc wizard points at you and mumbles some strange words.
The puff of flame hits you!
* * * LOW HITPOINT WARNING * * *
The orc hits you but does no damage. The orc hits you with a +0 whip.
* * * LOW HITPOINT WARNING * * *
You closely miss the orc priest. You hit the orc wizard. You hit the orc.
A ball python comes into view.
You block the orc's attack.
The orc priest begins to cast a cantrip, but forgets the words!
The orc wizard hits you but does no damage.
The orc barely misses you.
Unknown command.
It was a potion of resistance.
You feel protected.
The ball python hisses angrily.
The orc wizard barely misses you.
The orc priest invokes the aid of Beogh against you.
Beogh smites you!
You die...

.##.. .S..
.... # #..#
#.####g.#
...#ho #.#o#
#.o@######.
##o).......
#.###.#####..
#....>.#
###.$...#
#.#.#....
#.#.#####..
....# .# .##


You could see an orc priest, an orc wizard, 2 orcs, a jackal, a hobgoblin and a
ball python.

Vanquished Creatures
  Robin (D:2)
  An adder (D:3)
  A worm (D:2)
  3 dart slugs (D:2)
  3 orcs
  3 endoplasms
  A giant cockroach (D:1)
  14 goblins
  3 hobgoblins (D:2)
  2 jackals (D:1)
  A quokka (D:1)
  2 ball pythons
  3 bats
  A frilled lizard (D:1)
  A kobold (D:1)
40 creatures vanquished.

Notes
Turn   | Place    | Note
-------+----------+-------------------------------------------
     0 | D:1      | retardedninja the Hill Orc Fighter began the quest for the
                  | Orb.
     0 | D:1      | Reached XP level 1. HP: 19/19 MP: 1/1
   162 | D:1      | Reached XP level 2. HP: 27/27 MP: 2/2
   876 | D:2      | Found an iron altar of Okawaru.
   887 | D:2      | Reached XP level 3. HP: 33/33 MP: 3/3
   917 | D:2      | Noticed Robin
   939 | D:2      | Killed Robin
  1130 | D:2      | Reached XP level 4. HP: 30/40 MP: 4/4
  1215 | D:2      | You fall into a shaft and drop 2 floors!
  1292 | D:3      | Killed from afar by an orc priest

Illustrated notes

Levels and vault maps discovered:
D:1:      lemuel_arrival_behind_the_door_large, layout_loops_cross
D:2:      layout_rooms, serial_shops, shop, basic_altar, serial_aquarium,
          aquarium_bridge_square [aquarium_subvault_bridge,
          aquarium_subvault_wall, aquarium_subvault_bridge,
          aquarium_subvault_wall], aquarium_window_3, aquarium_window_2,
          aquarium_window_1, aquarium_view_2b, aquarium_view_2e,
          aquarium_pool_five, hellmonk_ecumenical_altar_run_dry, uniq_robin
D:3:      layout_rooms, grunt_temple_overflow_open,
          eat_drink_and_be_merry_uskayaw, uniq_grinder
D:4:      layout_rooms, portal_sewer_entry_d

Skill      XL: |  1  2  3  4 |
---------------+-------------+-----
Axes           | 3 |  3.7
Fighting       | 4 |  4.3
Shields        | 4 |  4.0
Armour         | |  3.9

Action                   |  1- 3 |  4- 6 || total
-------------------------+-------+-------++-------
Melee: War axe           |    73 |    18 ||    91
Throw: Javelin           |     4 |       ||     4
  Use: Potion            |       |     1 ||     1
Armor: Scale mail        |    13 |       ||    13
       Plate armour      |    34 |    13 ||    47
Dodge: Dodged            |    17 |     8 ||    25
Block: Buckler           |    23 |     4 ||    27

Table legend: (Time is in decaauts)
 A = Elapsed time spent in this place.
 B = Non-inter-level travel time spent in this place.
 C = Inter-level travel time spent in this place.
 D = Time resting spent in this place.
 E = Time spent auto-exploring this place.
 F = Levels seen in this place.
 G = Mean time per level.
                   A        B        C        D        E       F      G
               +--------+--------+--------+--------+--------+-----+--------+
         Total |   1327 |   1265 |     62 |    199 |    794 |   4 |  331.8 |
       Dungeon |   1327 |   1265 |     62 |    199 |    794 |   4 |  331.8 |
               +--------+--------+--------+--------+--------+-----+--------+

Top non-repeatable levels by time:
     D:1: 735 daAuts
     D:2: 509 daAuts
     D:4: 61 daAuts
     D:3: 21 daAuts
